 Dungeon Sprint DCSS version 0.27-a0-203-gd48b2df3c9 (webtiles) character file.

Game seed: 6786747672294371522

44 mhtbhm the Insei (level 3, 0/22 (23) HPs)
             Began as an Octopode Transmuter on Jan 30, 2021.
             Was an Initiate of Sif Muna.
             Slain by a wight
             ... wielding a cursed +5 trident
              (2 damage)
             ... in the Dungeon (Sprint IX: "|||||||||||||||||||||||||||||").
             The game lasted 00:00:45 (321 turns).

mhtbhm the Insei (Octopode Transmuter)               Turns: 321, Time: 00:00:46

HP:   0/22 (23)     AC:  4    Str: 10    XL:     3   Next: 60%
MP:   2/8           EV: 21    Int: 15    God:    Sif Muna [......]
Gold: 0             SH:  0    Dex: 20    Spells: 3/9 levels left

rFire    . . .     SeeInvis .     - Unarmed
rCold    . . .     Faith    .   (shield currently unavailable)
rNeg     . . .     Spirit   .   (helmet currently unavailable)
rPois    x         Reflect  .   (no amulet)
rElec    .         Harm     .   k - +2 ring of protection
rCorr    .         Rampage  .   j - +3 ring of dexterity
Will     .....     NoTele   +   (no ring)
Stlth    ++........             (no ring)
HPRegen  0.07/turn              (no ring)
MPRegen  0.11/turn              (no ring)
                                (no ring)
                                (no ring)

@: spider-form (expiring), wereblooded, lightly drained
A: tiny, almost no armour, stealthy swim, (amphibious), 8 rings, (constrict 8)
a: End Transformation, Renounce Religion


You were in the Dungeon.
You worshipped Sif Muna.
Sif Muna was noncommittal.
You were a venomous arachnid creature.
You visited 1 branch

Inventory:

Jewellery
 j - a +3 ring of dexterity (right front leg)
 k - a +2 ring of protection (left front leg)
Wands
 i - a wand of acid (10)
Scrolls
 f - 3 scrolls of remove curse
 g - 2 scrolls of blinking
 h - 2 scrolls of amnesia
Potions
 a - a potion of invisibility
 b - 5 potions of curing
 c - 2 potions of heal wounds
 d - a potion of haste
 e - 4 potions of magic


   Skills:
 + Level 1.2 Fighting
 + Level 3.2 Dodging
 + Level 0.6 Stealth
 + Level 5.3 Unarmed Combat
 + Level 3.5 Spellcasting
 + Level 3.3 Transmutations


You had 3 spell levels left.
You knew the following spells:

 Your Spells              Type           Power        Failure   Level
a - Beastly Appendage     Tmut           24%          14%         1
b - Wereblood             Tmut           12%          21%         2
c - Spider Form           Tmut/Pois      3%           50%         3

Your spell library contained the following spells:

 Spells                   Type           Power        Failure   Level
 Ice Form                 Ice/Tmut       7%           85%         4
 Blade Hands              Tmut           6%           92%         5


Dungeon Overview and Level Annotations

Branches:
Dungeon (1/1)

Altars:
Cheibriados
Dithmenos
Elyvilon
Fedhas
Gozag
Hepliaklqana
Kikubaaqudgha
Makhleb
Nemelex Xobeh
Okawaru
Qazlal
Ru
Sif Muna
Trog
Uskayaw
Vehumet
Wu Jian
Xom
Yredelemnul
Zin
The Shining One
Beogh
Jiyva
Lugonu


Innate Abilities, Weirdness & Mutations

You cannot wear most types of armour.
You are very stealthy in the water. (Stealth+)
((You are amphibious.))
You can wear up to eight rings at the same time.
((You can use your tentacles to constrict eight enemies at once.))
((Your skin changes colour to match your surroundings (Stealth+).))
((Your rubbery body absorbs attacks. (AC +1, EV +1)))


Message History

Your blood is infused with primal strength.
You open the door.
A leopard gecko, a hornet, a sky beast, a wight, a wraith and a zombie come into view.
Unknown command.
The leopard gecko hisses angrily.
The wight completely misses you. The leopard gecko bites you.
There is an open door to the Dungeon here.
You hit the leopard gecko.
The leopard gecko is poisoned.
The leopard gecko is severely wounded.
The hornet buzzes angrily.
You kill the leopard gecko!
Sif Muna accepts your kill.
The wight hits you from afar with a cursed +5 trident.
You feel drained.
Your life force feels restored.
The wight hits you with a cursed +5 trident!
Ouch! That really hurt!
* * * LOW HITPOINT WARNING * * *
You feel drained.
You die...

▓)▓
▓.▓
▓[▓
▓[▓
▓[▓
▓.▓
▓.▓
▓'▓
▓s▓
▓z▓
▓y▓
▓W▓
▓Z▓
▓Y▓
▓+▓


You could see a hornet, a wraith, a sky beast, a wight and a bat zombie.

Vanquished Creatures
  An iguana (D)
  A white imp (D)
  A leopard gecko (D)
  An orc (D)
  A bat (D)
  2 jackals (D)
  A kobold (D)
  3 rats (D)
11 creatures vanquished.

Notes
Turn   | Place    | Note
-------+----------+-------------------------------------------
     0 | D        | mhtbhm the Octopode Transmuter began the quest for the Orb.
     0 | D        | Reached XP level 1. HP: 13/13 MP: 3/3
   204 | D        | Noticed an iguana
   210 | D        | Reached skill level 4 in Unarmed Combat
   210 | D        | Reached XP level 2. HP: 18/18 MP: 2/5
   213 | D        | Reached skill level 5 in Unarmed Combat
   213 | D        | Reached XP level 3. HP: 23/23 MP: 2/7
   220 | D        | Found a roughly hewn altar of Beogh.
   220 | D        | Found a snail-covered altar of Cheibriados.
   220 | D        | Found a shadowy altar of Dithmenos.
   220 | D        | Found a white marble altar of Elyvilon.
   220 | D        | Found a blossoming altar of Fedhas.
   220 | D        | Found an opulent altar of Gozag.
   221 | D        | Found a hazy altar of Hepliaklqana.
   222 | D        | Found a viscous altar of Jiyva.
   223 | D        | Found an ancient bone altar of Kikubaaqudgha.
   224 | D        | Found a corrupted altar of Lugonu.
   225 | D        | Found a burning altar of Makhleb.
   226 | D        | Found a sparkling altar of Nemelex Xobeh.
   227 | D        | Found an iron altar of Okawaru.
   228 | D        | Found a stormy altar of Qazlal.
   229 | D        | Found a sacrificial altar of Ru.
   230 | D        | Found a shimmering blue altar of Sif Muna.
   231 | D        | Found a bloodstained altar of Trog.
   232 | D        | Found a hide-covered altar of Uskayaw.
   233 | D        | Found a radiant altar of Vehumet.
   234 | D        | Found an ornate altar of the Wu Jian Council.
   235 | D        | Found a shimmering altar of Xom.
   236 | D        | Found a basalt altar of Yredelemnul.
   237 | D        | Found a glowing silver altar of Zin.
   238 | D        | Became a worshipper of Sif Muna the Loreminder
   239 | D        | Found a glowing golden altar of the Shining One.
   245 | D        | Learned a level 2 spell: Wereblood
   249 | D        | Learned a level 3 spell: Spider Form
   318 | D        | Noticed a hornet
   318 | D        | Noticed a wraith
   318 | D        | Noticed a sky beast
   321 | D        | Slain by a wight

Illustrated notes

Levels and vault maps discovered:
D:        linesprint [early_d, line_temple, items_1, d_10, items_2, lair_1,
          lair_end, items_3, orc_1, orc_end, items_4, d_15, swamp_1, shoals_1,
          snake_1, spider_1, d_20, vaults_1, items_5, swamp_end, shoals_end,
          snake_end, spider_end, vaults_end, d_27, items_6, zot_1, zot_end,
          crypt_end, forest_end, elf_end, slime_end, tomb_end, abyss_end,
          pan_hell_end]

Skill      XL: |  1  2 |
---------------+-------+-----
Unarmed Combat | 4 5 |  5.3
Dodging        | 3 |  3.2
Spellcasting   | 3 |  3.5
Transmutations | 3 |  3.3
Fighting       | |  1.2
Stealth        | |  0.6

Action                   || total
-------------------------++-------
Melee: Unarmed           ||    16
       Constrict         ||     7
       Tentacles         ||     3
       Kick              ||     3
 Cast: Beastly Appendage ||     2
       Spider Form       ||     1
       Wereblood         ||     1
  Use: Potion            ||     2
 Stab: Sleeping          ||     1
Armor: Skin              ||     2
Dodge: Dodged            ||     8

Table legend: (Time is in decaauts)
 A = Elapsed time spent in this place.
 B = Non-inter-level travel time spent in this place.
 C = Inter-level travel time spent in this place.
 D = Time resting spent in this place.
 E = Time spent auto-exploring this place.
 F = Levels seen in this place.
 G = Mean time per level.
                   A        B        C        D        E       F      G
               +--------+--------+--------+--------+--------+-----+--------+
         Total |    328 |    328 |      0 |    227 |      0 |   1 |  328.0 |
       Dungeon |    328 |    328 |      0 |    227 |      0 |   1 |  328.0 |
               +--------+--------+--------+--------+--------+-----+--------+

Top non-repeatable levels by time:
       D: 328 daAuts
